 Dungeon Crawl Stone Soup version 0.23-a0-239-g84a5ed2 (webtiles) character file.

3382 PurpleRed the Grappler (level 10, -1/99 HPs)
             Began as an Octopode Wanderer on Sept 26, 2018.
             Was a Believer of Cheibriados.
             Slain by a wolf (6 damage)
             ... led by Grum
             ... on level 9 of the Dungeon.
             The game lasted 00:30:26 (9312 turns).

PurpleRed the Grappler (Octopode Wanderer)          Turns: 9312, Time: 00:30:27

Health: -1/99      AC: 26    Str: 22    XL:     10   Next: 4%
Magic:  9/14       EV:  2    Int: 17    God:    Cheibriados [**....]
Gold:   383        SH:  0    Dex: 17    Spells: 4/15 levels left

rFire    . . .     SeeInvis .     - Unarmed
rCold    + . .     Gourm    .   (no shield)
rNeg     + + +     Faith    .   (helmet currently unavailable)
rPois    +         Spirit   .   (no amulet)
rElec    .         Reflect  .   f - ring of poison resistance
rCorr    .         Harm     .   v - ring of protection from cold
MR       .....     NoTele   +   p - +1 ring of protection
Stlth    ++++......             (no ring)
HPRegen  0.26/turn              (no ring)
MPRegen  0.14/turn              (no ring)
                                (no ring)
                                (no ring)

@: tree-form, very slow
A: almost no armour, stealthy swim, (amphibious), 8 rings, (constrict 8)
a: Bend Time, Renounce Religion


You were on level 9 of the Dungeon.
You worshipped Cheibriados.
Cheibriados was pleased with you.
You were not hungry.
You were a tree.
You visited 1 branch of the dungeon, and saw 9 of its levels.

You collected 383 gold pieces.

Inventory:

Hand Weapons
 a - a +3 quarterstaff
 c - a +0 dagger
 t - the +1 flail "Fiuteb" {crush, Int+3 Dex+9}
   (You found it on level 6 of the Dungeon)

   It inflicts extra damage upon your enemies.
   It affects your intelligence (+3).
   It affects your dexterity (+9).
 u - a +0 shortbow
 y - a cursed +0 blowgun
 z - a +1 whip of freezing
 E - a +0 arbalest
Missiles
 i - 2 curare-tipped needles
 r - 85 arrows
 s - 59 bolts
 A - 11 tomahawks (quivered)
 B - 11 poisoned needles
Armour
 G - a +2 shield
Jewellery
 f - a ring of poison resistance (left branch)
 p - a +1 ring of protection (on tentacle)
 v - a ring of protection from cold (right branch)
Wands
 w - a wand of polymorph (18)
 F - a wand of paralysis (8)
 H - a wand of digging (8)
Scrolls
 e - a scroll of magic mapping
 h - 3 scrolls of teleportation
 m - 2 scrolls of blinking
 n - 2 scrolls of enchant weapon
 q - a scroll of immolation {unknown}
 C - a scroll of acquirement {unknown}
 D - a scroll of fear {unknown}
Potions
 b - 3 potions of lignification
 g - 3 potions of agility
 j - a potion of invisibility
 k - a potion of cancellation
 l - a potion of haste
 o - a potion of mutation
 x - a potion of flight
Comestibles
 d - 12 rations


   Skills:
 + Level 5.1 Fighting
 - Level 1.0 Staves
 + Level 3.7 Dodging
 - Level 6.6 Stealth
 - Level 10.0 Unarmed Combat
 - Level 3.0 Spellcasting
 + Level 6.5 Transmutations


You had 4 spell levels left.
You knew the following spells:

 Your Spells              Type           Power        Failure   Level  Hunger
a - Beastly Appendage     Tmut           ###...       1%          1    None
b - Spider Form           Tmut/Pois      ##........   14%         3    ###....
c - Sticks to Snakes      Tmut           ###.....     1%          2    ##.....
d - Blade Hands           Tmut           ###.......   32%         5    ######.

Your spell library contained the following spells:

 Spells                   Type           Power        Failure   Level  Hunger
 Corona                   Hex            #......      17%         1    None
 Ensorcelled Hibernation  Hex/Ice        #.....       26%         2    ##.....
 Ice Form                 Ice/Tmut       ##......     41%         4    ####...
 Confuse                  Hex            #.......     45%         3    ###....
 Dazzling Spray           Conj/Hex       #.....       45%         3    ###....
 Tukima's Dance           Hex            #.......     45%         3    ###....


Dungeon Overview and Level Annotations

Branches:
Dungeon (9/15)             Temple (0/1) D:6
   Lair: D:8-11         Orc: D:9-12

Altars:
Cheibriados
Elyvilon
Fedhas
Hepliaklqana
Makhleb
Qazlal
Sif Muna
Uskayaw
Vehumet
Wu Jian

Annotations:
D:6 exclusion: statue
D:8 3 runed doors, enarc13's ghost, novice TrSk


Innate Abilities, Weirdness & Mutations

You cannot wear most types of armour.
You are very stealthy in the water. (Stealth+)
((You are amphibious.))
You can wear up to eight rings at the same time.
((You can use your tentacles to constrict eight enemies at once.))
((Your skin changes colour to match your surroundings (Stealth+).))
((Your rubbery body absorbs attacks. (AC +1, EV +1)))


Message History

The wolf bites you but does no damage. Grum hits you but does no damage.
Unknown command.
You smack Grum!
Grum is moderately wounded.
The wolf bites you but does no damage. Grum hits you but does no damage.
The wolf bites you but does no damage.
You hit Grum.
Grum is moderately wounded.
The wolf bites you but does no damage. Grum hits you but does no damage.
You pummel Grum!!
Grum is severely wounded.
The wolf bites you but does no damage.
You pummel Grum!!
You kill Grum!
Cheibriados appreciates the change of pace.
Your Fighting skill increases to level 5!
You have reached level 10!
You feel agile. The wolf bites you.
You die...

#....#.......... #..###
#.......<......# ##..##.
#<.............# ##...#..
#...........#..# ######......#
#.............## #..........##
.............(# #..........##
....$.#......(# #..........##
..............######..........##
..............)♣..............##
...............h##..#..........##
..............##..........##
...#......#...............##
..########...##...........#
#.####>.#######.... #.. ##)# ..##
.. #.# #.#


You could see a wolf.

Vanquished Creatures
  Pikel (D:7)
  Sigmund (D:3)
  Grum (D:9)
  A water moccasin (D:8)
  4 slaves (D:7)
  3 sky beasts (D:8)
  A black bear (D:8)
  4 ogres
  3 wolves
  2 centaurs
  A big kobold (D:8)
  2 bullfrogs
  A gnoll sergeant (D:9)
  5 scorpions
  A howler monkey (D:7)
  3 crimson imps
  An orc priest (D:5)
  2 hounds (D:4)
  2 jellies
  3 orc wizards
  A bullfrog skeleton (D:4)
  Ijyb (D:5)
  3 iguanas
  5 worker ants
  6 adders
  9 gnolls
  3 shadow imps
  An adder skeleton (D:5)
  3 worms
  2 dart slugs
  2 leopard geckos
  13 orcs
  A ball python (D:4)
  3 giant cockroaches
  7 goblins
  7 hobgoblins
  8 jackals
  5 quokkas
  9 bats
  3 frilled lizards
  A jackal skeleton (D:8)
  14 kobolds
  A quokka skeleton (D:5)
  8 rats
158 creatures vanquished.

Vanquished Creatures (collateral kills)
  Blork the orc (D:6)
1 creature vanquished.

Grand Total: 159 creatures vanquished

Notes
Turn   | Place    | Note
-------+----------+-------------------------------------------
     0 | D:1      | PurpleRed the Octopode Wanderer began the quest for the
                  | Orb.
     0 | D:1      | PurpleRed set off with: a +2 quarterstaff, 2 potions of
                  | lignification, a +0 dagger, a ration
     0 | D:1      | Reached XP level 1. HP: 14/14 MP: 1/1
   257 | D:1      | Reached XP level 2. HP: 19/20 MP: 2/2
   628 | D:1      | Reached XP level 3. HP: 16/26 MP: 3/3
  1008 | D:2      | Learned a level 1 spell: Beastly Appendage
  1274 | D:2      | Reached XP level 4. HP: 33/33 MP: 4/4
  1324 | D:2      | Found a blossoming altar of Fedhas.
  1401 | D:2      | Found a deep blue altar of Sif Muna.
  1811 | D:3      | Reached skill level 1 in Unarmed Combat
  1829 | D:3      | Noticed Sigmund
  1836 | D:3      | Killed Sigmund
  1836 | D:3      | Reached skill level 2 in Unarmed Combat
  1836 | D:3      | Reached XP level 5. HP: 37/37 MP: 3/5
  1836 | D:3      | Reached XP level 6. HP: 43/43 MP: 3/6
  1958 | D:3      | Reached skill level 3 in Unarmed Combat
  2603 | D:4      | Reached skill level 1 in Spellcasting
  2652 | D:4      | Learned a level 3 spell: Spider Form
  2838 | D:4      | Reached skill level 4 in Unarmed Combat
  2925 | D:4      | Reached XP level 7. HP: 48/48 MP: 1/9
  3069 | D:4      | Reached skill level 5 in Unarmed Combat
  3616 | D:4      | Learned a level 2 spell: Sticks to Snakes
  4028 | D:4      | Noticed Blork the orc
  4463 | D:5      | Entered Level 5 of the Dungeon
  4678 | D:5      | Noticed Ijyb
  4688 | D:5      | Killed Ijyb
  4688 | D:5      | Reached skill level 6 in Unarmed Combat
  4688 | D:5      | Reached XP level 8. HP: 42/54 MP: 8/12
  4827 | D:5      | Found a hazy altar of Hepliaklqana.
  4828 | D:5      | Found a white marble altar of Elyvilon.
  4828 | D:5      | Found a hide-covered altar of Uskayaw.
  4828 | D:5      | Found a snail-covered altar of Cheibriados.
  4835 | D:5      | Found a stormy altar of Qazlal.
  4835 | D:5      | Found a burning altar of Makhleb.
  4843 | D:5      | Became a worshipper of Cheibriados the Contemplative
  4887 | D:5      | Found an ornate altar of the Wu Jian Council.
  5459 | D:6      | Killed Blork the orc
  5569 | D:6      | Reached skill level 7 in Unarmed Combat
  5886 | D:6      | Found a radiant altar of Vehumet.
  6000 | D:6      | Found a staircase to the Ecumenical Temple.
  6060 | D:6      | Got a crystal flail
  6145 | D:6      | Identified the cursed +1 flail "Fiuteb" {crush, Int+3
                  | Dex+9} (You found it on level 6 of the Dungeon)
  6246 | D:7      | Reached skill level 8 in Unarmed Combat
  6470 | D:7      | Noticed Pikel
  6622 | D:7      | Killed Pikel
  6622 | D:7      | Reached skill level 9 in Unarmed Combat
  6622 | D:7      | Reached XP level 9. HP: 28/58 MP: 13/13
  7027 | D:7      | Reached * piety under Cheibriados
  7196 | D:8      | Reached skill level 10 in Unarmed Combat
  7296 | D:8      | Noticed enarc13's ghost (novice TrSk)
  7533 | D:8      | Reached skill level 5 in Transmutations
  7702 | D:8      | Reached ** piety under Cheibriados
  7781 | D:8      | Found a runed gate.
  7781 | D:8      | Found a runed gate.
  7781 | D:8      | Found a runed gate.
  7941 | D:8      | Learned a level 5 spell: Blade Hands
  8320 | D:9      | Noticed Grum
  9307 | D:9      | HP: 3/60 [Grum/spear (13)]
  9312 | D:9      | Killed Grum
  9312 | D:9      | Reached skill level 5 in Fighting
  9312 | D:9      | Reached XP level 10. HP: 5/66 MP: 9/14
  9312 | D:9      | Slain by a wolf

Vault maps used:
D:1:      dpeg_arrival_rhombi, minmay_misc_feat_hallway
D:2:      nicolae_overflow_hidden_temple, grunt_decor_mini_mirrors,
          fedhas_altar_4
D:3:      uniq_sigmund
D:4:      first_ration, serial_bayou_pond_b, uniq_blork_the_orc
D:5:      old_standard_altar, minmay_overflow_temple_hex, uniq_ijyb
D:6:      vehumet_statue, minmay_temple_entry_hall
D:7:      due_unseen_surprise, uniq_pikel
D:8:      gammafunk_ghost_icy
D:9:      lemuel_doored_altar, hangedman_fish_farm, uniq_grum

Skill      XL: |  1  2  3  4  5  6  7  8  9 |
---------------+----------------------------+-----
Fighting       | 3 4 5 |  5.1
Unarmed Combat | 2 4 6 9 10 | 10.0
Transmutations | 2 3 6 |  6.5
Spellcasting   | 1 3 |  3.0
Dodging        | 3 |  3.7
Staves         | |  1.0
Stealth        | |  6.6

Action                   |  1- 3 |  4- 6 |  7- 9 | 10-12 || total
-------------------------+-------+-------+-------+-------++-------
Melee: Quarterstaff      |    83 |    44 |    40 |       ||   167
       Constrict         |    21 |     9 |    43 |       ||    73
       Tentacles         |     8 |     4 |    42 |       ||    54
       Kick              |     1 |    13 |    65 |       ||    79
       Unarmed           |       |     9 |   119 |       ||   128
       Punch             |       |     2 |    12 |       ||    14
       Flail             |       |       |    59 |       ||    59
Throw: Tomahawk          |       |       |     2 |       ||     2
 Cast: Beastly Appendage |     1 |    11 |    33 |       ||    45
       Spider Form       |       |     2 |     5 |       ||     7
       Sticks to Snakes  |       |       |     3 |       ||     3
       Blade Hands       |       |       |     3 |       ||     3
  Use: Scroll            |       |     8 |     6 |       ||    14
       Potion            |       |       |     1 |       ||     1
 Stab: Sleeping          |    13 |     6 |    19 |       ||    38
       Distracted        |       |       |     1 |       ||     1
  Eat: Chunk             |     1 |     6 |    12 |       ||    19
       Ration            |       |       |     3 |       ||     3
Armor: Skin              |    10 |       |    19 |       ||    29
Dodge: Dodged            |    51 |    19 |   137 |       ||   207

Table legend:
 A = Non-vault XP
 B = Vault XP
 C = Vault XP percentage of total XP
 D = Non-vault monster count
 E = Vault monster count
 F = Vault count percentage of total count
                 A         B        C        D         E       F
            +---------+---------+-------+---------+---------+-------
      Total |    3190 |    1642 |  34.0 |     143 |      12 |   7.7
            +---------+---------+-------+---------+---------+-------
        D:1 |      41 |       0 |   0.0 |      24 |       0 |   0.0
        D:2 |      42 |       0 |   0.0 |      19 |       0 |   0.0
        D:3 |      50 |     223 |  81.7 |      17 |       1 |   5.6
        D:4 |     531 |     157 |  22.8 |      13 |       4 |  23.5
        D:5 |     289 |      36 |  11.1 |      10 |       1 |   9.1
        D:6 |     272 |      87 |  24.2 |       4 |       1 |  20.0
        D:7 |     267 |     586 |  68.7 |      15 |       1 |   6.2
        D:8 |    1436 |     237 |  14.2 |      34 |       2 |   5.6
        D:9 |     262 |     316 |  54.7 |       7 |       2 |  22.2
            +---------+---------+-------+---------+---------+-------
